 Dungeon Crawl Stone Soup version 0.23.1 (webtiles) character file.

Game seed: 7376004891362673255

83 Cykl0x the Shield-Bearer (level 4, -1/36 HPs)
             Began as a Formicid Fighter on Mar 13, 2019.
             Slain by a gnoll (7 damage)
             ... on level 2 of the Dungeon.
             The game lasted 00:04:12 (1267 turns).

Cykl0x the Shield-Bearer (Formicid Fighter)         Turns: 1267, Time: 00:04:13

Health: -1/36      AC:  7    Str: 22    XL:     4   Next: 71%
Magic:  4/4        EV:  8    Int:  7    God:
Gold:   104        SH:  9    Dex: 10    Spells: 3/3 levels left

rFire    . . .     SeeInvis +   a - +1 war axe
rCold    . . .     Gourm    .   c - +0 shield
rNeg     . . .     Faith    .   b - +0 scale mail
rPois    .         Spirit   .   (helmet unavailable)
rElec    .         Reflect  .   (no cloak)
rCorr    .         Harm     .   (no gloves)
MR       .....                  (no boots)
Stlth    ..........             (no amulet)
HPRegen  0.12/turn              (no ring)
MPRegen  0.09/turn              (no ring)

@: no status effects
A: permanent stasis, dig shafts and tunnels, four strong arms, antennae 3
a: Dig, Shaft Self


You were on level 2 of the Dungeon.
You were hungry.

You visited 1 branch of the dungeon, and saw 2 of its levels.

You collected 104 gold pieces.

Inventory:

Hand Weapons
 a - a +1 war axe (weapon)
Missiles
 j - 5 stones
 l - 2 javelins (quivered)
Armour
 b - a +0 scale mail (worn)
 c - a +0 shield (worn)
Jewellery
 i - an uncursed amulet of faith
Scrolls
 k - a scroll of identify
Potions
 d - a potion of might
 e - a potion of curing
 h - a potion of flight
 m - a potion of lignification {unknown}
Comestibles
 f - 4 rations
 g - 5 chunks of flesh


   Skills:
 + Level 3.6 Fighting
 * Level 3.1 Axes
 * Level 0.6 Throwing
 + Level 3.8 Armour
 * Level 1.2 Dodging
 + Level 3.9 Shields


You had 3 spell levels left.
You didn't know any spells.
Your spell library was empty.

Dungeon Overview and Level Annotations

Branches:
Dungeon (2/15)

Altars:
Fedhas
Gozag
Ru
Yredelemnul


Innate Abilities, Weirdness & Mutations

You cannot be hasted, slowed, berserked, paralysed or teleported.
You can dig through walls and to a lower floor.
Your four strong arms can wield two-handed weapons with a shield.
You have a pair of large antennae on your head. (SInv)


Message History

The gnoll is moderately wounded.
The gnoll hits you with a +0 flail!
You barely miss the gnoll.
The gnoll is moderately wounded.
You block the gnoll's attack.
You slash the gnoll!
The gnoll is almost dead.
The gnoll hits you but does no damage. The gnoll hits you with a +0 flail.
You slash the gnoll!
You kill the gnoll!
Your Dodging skill increases to level 1!
The gnoll hits you.
* * * LOW HITPOINT WARNING * * *
You closely miss the gnoll. You block the gnoll's attack.
Your shield and scale mail prevent you from hitting the gnoll.
The gnoll hits you.
* * * LOW HITPOINT WARNING * * *
You block the gnoll's attack.
You barely miss the gnoll. The gnoll hits you!
You die...

##.........#####.#
.............>...#############
##.####...................รท..#
#### #.#.##################.#
_### #.#).......# #.#
..8####.#.######.# #.#
...##...#.# #.# #.# ...8#.###.#
#.# #.# ...#### #.# #@# #.#
..8...###.# #g# #.#
_####.....#{ #.# #.# ## #.###.#
#.# #.# #..##.# #.# #.# ##.##.#
#.# #.# #.##.# #.#{ #.# #.##.#
#.#{ #.# ## { #.##.#
#...'g{.g.. #.#


You could see a gnoll.

Vanquished Creatures
  2 gnolls (D:2)
  2 adders (D:2)
  A dart slug (D:1)
  A leopard gecko (D:1)
  6 bats
  A giant cockroach (D:1)
  2 goblins (D:1)
  7 hobgoblins
  7 jackals
  5 kobolds
  2 frilled lizards
  5 rats
41 creatures vanquished.

Vanquished Creatures (others)
  A frilled lizard (D:2)
1 creature vanquished.

Grand Total: 42 creatures vanquished

Notes
Turn   | Place    | Note
-------+----------+-------------------------------------------
     0 | D:1      | Cykl0x the Formicid Fighter began the quest for the Orb.
     0 | D:1      | Reached XP level 1. HP: 18/18 MP: 1/1
    99 | D:1      | Reached XP level 2. HP: 23/24 MP: 2/2
   597 | D:1      | Reached XP level 3. HP: 24/29 MP: 3/3
  1049 | D:2      | Found an opulent altar of Gozag.
  1055 | D:2      | Found a blossoming altar of Fedhas.
  1055 | D:2      | Found a basalt altar of Yredelemnul.
  1055 | D:2      | Found a sacrificial altar of Ru.
  1134 | D:2      | Reached XP level 4. HP: 36/36 MP: 4/4
  1264 | D:2      | Reached skill level 1 in Dodging
  1267 | D:2      | Slain by a gnoll

Skill      XL: |  1  2  3  4 |
---------------+-------------+-----
Axes           | 3 |  3.1
Dodging        | 1 |  1.2
Fighting       | |  3.6
Throwing       | |  0.6
Armour         | |  3.8
Shields        | |  3.9

Action                   |  1- 3 |  4- 6 || total
-------------------------+-------+-------++-------
Melee: War axe           |   111 |    35 ||   146
 Abil: Dig               |     1 |       ||     1
  Use: Scroll            |     3 |     1 ||     4
  Eat: Chunk             |     1 |       ||     1
Armor: Scale mail        |    51 |     7 ||    58
Dodge: Dodged            |    44 |     9 ||    53
Block: Shield            |    64 |    18 ||    82
